 Dungeon Crawl Stone Soup version 0.29.1-1-gd02db6906a (webtiles) character file.

Game seed: 3420280147088676979

1600 fireball365 the Cleaver (level 8, 0/70 HPs)
             Began as a Minotaur Fighter on Oct 10, 2022.
             Was an Initiate of Gozag.
             Slain by an orc warrior
             ... wielding a +0 glaive
              (8 damage)
             ... on level 10 of the Dungeon.
             The game lasted 00:28:04 (6815 turns).

fireball365 the Cleaver (Minotaur Fighter)          Turns: 6815, Time: 00:28:07

Health: 0/70       AC: 10    Str: 22    XL:     8   Next: 62%
Magic:  7/7        EV:  8    Int:  7    God:    Gozag
Gold:   236        SH: 10    Dex:  9    Spells: 7/7 levels left

rFire   + . .      SeeInvis .   L - +2 war axe
rCold   . . .      Faith    .   c - +0 buckler
rNeg    . . .      Spirit   .   N - +0 chain mail
rPois   .          Reflect  +   (helmet restricted)
rElec   .          Harm     .   (no cloak)
rCorr   .          Rampage  .   (no gloves)
Will    .....                   (no boots)
Stlth   ..........              p - amulet of reflection
HPRegen 0.21/turn               s - ring of protection from fire
MPRegen 0.10/turn               (no ring)

@: about to teleport, gold aura
A: horns 2, retaliatory headbutt
a: Renounce Religion, Potion Petition, Call Merchant, Bribe Branch


You were on level 10 of the Dungeon.
You worshipped Gozag.
Gozag was aware of your devotion.
You visited 2 branches of the dungeon, and saw 8 of its levels.

You collected 371 gold pieces.
You donated 24 gold pieces to Zin.
You paid 111 gold pieces to Gozag.

Inventory:

Hand Weapons
 a - a +0 war axe
 d - a +0 scythe
 f - a +2 dagger of flaming
 g - a +0 short sword of speed
 K - a +3 dagger
 L - a +2 war axe (weapon)
Missiles
 h - 30 stones (quivered)
 l - a throwing net
 u - 2 boomerangs
 M - 6 poisoned darts
Armour
 b - a +0 scale mail
 c - a +0 buckler (worn)
 k - a +0 chain mail
 C - a +1 leather armour of fire resistance
 N - a +0 chain mail (worn)
Magical Staves
 e - a staff of fire
 j - a staff of conjuration
Jewellery
 p - an amulet of reflection (around neck)
 s - a ring of protection from fire (left hand)
 t - an amulet of magic regeneration
 x - an amulet of faith
 y - a ring of fire
Wands
 E - a wand of roots (10)
Scrolls
 i - 3 scrolls of identify
 n - 2 scrolls of noise
 r - a scroll of torment {unknown}
 v - a scroll of amnesia {unknown}
 A - a scroll of poison
 B - a scroll of fear {unknown}
 F - a scroll of fog {unknown}
 G - a scroll of enchant weapon {unknown}
 H - a scroll of enchant armour {unknown}
 I - a scroll of silence {unknown}
 J - 2 scrolls of blinking
Potions
 o - a potion of haste {unknown}
 q - 4 potions of curing {unknown}
 w - 2 potions of degeneration {unknown}
 z - a potion of lignification {unknown}
 D - 2 potions of berserk rage {unknown}
 O - a potion of might
 P - a potion of ambrosia {unknown}


   Skills:
 + Level 5.7 Fighting
 + Level 9.2 Axes
 + Level 6.9 Armour
 + Level 2.8 Dodging
 + Level 0.7 Stealth
 + Level 6.1 Shields


You had 7 spell levels left.
You didn't know any spells.
Your spell library contained the following spells:

 Spells                   Type           Power      Damage    Failure   Level
 Foxfire                  Conj/Fire      0%         2x1d4     99%         1
 Conjure Flame            Conj/Fire      0%         6-21      100%        3
 Ignite Poison            Fire/Tmut/Pois 0%         N/A       100%        3
 Inner Flame              Hex/Fire       0%         N/A       100%        3
 Flame Wave               Conj/Fire      0%         2d4       100%        4
 Leda's Liquefaction      Hex/Erth       0%         N/A       100%        4
 Sticky Flame             Conj/Fire      0%         2d3       100%        4
 Lee's Rapid Deconstruct  Erth           0%         3d5*      100%        5
 Statue Form              Tmut/Erth      0%         N/A       100%        6


Dungeon Overview and Level Annotations

Branches:
Dungeon (7/15)             Temple (1/1) D:7

Altars:
Ashenzari
Cheibriados
Dithmenos
Elyvilon
Fedhas
Gozag
Hepliaklqana
Kikubaaqudgha
Makhleb
Nemelex Xobeh
Okawaru
Qazlal
Ru
Sif Muna
Trog
Uskayaw
Vehumet
Xom
Yredelemnul
Zin
The Shining One

Shops:
D:4 =


Innate Abilities, Weirdness & Mutations

You have a pair of horns on your head.
You reflexively headbutt those who attack you in melee.


Message History

As you read the scroll of teleportation, it crumbles to dust.
You feel strangely unstable. You block the centaur's attack.
The centaur kicks you but does no damage.
The orc hits you with a +0 flail.
The orc warrior hits you from afar with a +0 glaive!
* * * LOW HITPOINT WARNING * * *
You block the orc's attack.
The orc wizard mumbles some strange words.
The orc wizard flickers and vanishes!
Deactivating autopickup; reactivate with Ctrl-A.
You block the orc wizard's attack.
The orc wizard attacks as you move away!
The orc wizard hits you but does no damage.
The centaur hits you but does no damage.
The centaur kicks you.
* * * LOW HITPOINT WARNING * * *
The centaur hits you but does no damage.
The centaur kicks you but does no damage.
You block the orc's attack.
You hit the orc wizard. Your headbutt misses the orc wizard.
The orc wizard is lightly wounded.
You hit the centaur. You hit the orc. You hit something.
The centaur hits you but does no damage.
The centaur barely misses you. The orc closely misses you.
You furiously retaliate!
You headbutt the orc!
You kill the orc!
The orc warrior hits you but does no damage.
You hear some strange, mumbled words.
A magic dart appears from out of thin air!
The magic dart hits you but does no damage.
The orc wizard gestures wildly while chanting.
The orc wizard flickers and vanishes!
You barely miss something. Your headbutt misses something.
You closely miss the orc. You closely miss something. You hit the centaur.
The centaur is distracted by your dazzling golden aura.
Something hits you but does no damage. x2; The orc hits you with a +0 hand axe.
* * * LOW HITPOINT WARNING * * *
The orc warrior hits you from afar with a +0 glaive!
You die...
Your body crumbles into a pile of gold.

#.# ###.#######
#.........# #.####
#.........# . ...
#.....$...# ##. #.##
#......../# #..
#..######..o.......
...
#........o{c......
#.##.....##.{@$......
#..#.###..####.#####.
#....# ##..# .#
#.#.## #..# .. #. #.#
#.# #.. .. #.# ...
..# ## #.. #. .## ##.
.. .


You could see an orc warrior, a centaur (unaware) and an orc.

Vanquished Creatures
  A hornet (D:5)
  Sigmund (D:2)
  Eustachio (D:5)
  A water moccasin (D:7)
  A phantom (D:5)
  3 scorpions
  3 wights (D:5)
  A howler monkey (D:7)
  A crimson imp (D:4)
  3 hounds (D:5)
  2 orc priests
  2 iguanas (D:5)
  3 orc wizards
  12 adders
  2 white imps
  An ufetubus (D:7)
  4 worms
  2 dart slugs
  8 orcs
  7 bats
  6 endoplasms
  4 giant cockroaches
  11 goblins
  9 hobgoblins
  6 jackals
  14 kobolds
  5 quokkas
  5 ball pythons
  3 frilled lizards
  4 rats
  4 bushes (D:3)
130 creatures vanquished.

Vanquished Creatures (others)
  A butterfly (D:3)
  10 fungi (D:1)
  33 plants
44 creatures vanquished.

Grand Total: 174 creatures vanquished

Notes
Turn   | Place    | Note
-------+----------+-------------------------------------------
     0 | D:1      | fireball365 the Minotaur Fighter began the quest for the
                  | Orb.
     0 | D:1      | Reached XP level 1. HP: 19/19 MP: 0/0
   271 | D:1      | Reached XP level 2. HP: 27/27 MP: 1/1
   596 | D:1      | Reached skill level 3 in Axes
   716 | D:1      | Reached XP level 3. HP: 33/33 MP: 2/2
  1362 | D:2      | Noticed Sigmund
  1369 | D:2      | Reached XP level 4. HP: 28/40 MP: 3/3
  1389 | D:2      | HP: 2/40 [Sigmund/+0 scythe (10)]
  1799 | D:2      | Killed Sigmund
  1800 | D:2      | Reached skill level 5 in Axes
  1800 | D:2      | Reached skill level 1 in Dodging
  1800 | D:2      | Reached XP level 5. HP: 32/46 MP: 4/4
  2268 | D:2      | Reached XP level 6. HP: 49/53 MP: 5/5
  3162 | D:3      | Found a white marble altar of Elyvilon.
  3600 | D:4      | Reached skill level 5 in Armour
  3616 | D:4      | Found a glowing silver altar of Zin.
  3624 | D:4      | Became a worshipper of Zin the Law-Giver
  3624 | D:4      | Reached * piety under Zin
  3837 | D:4      | Found Ickon's Jewellery Emporium.
  3973 | D:4      | Reached ** piety under Zin
  4292 | D:4      | Found a radiant altar of Vehumet.
  4292 | D:4      | Found a burning altar of Makhleb.
  4306 | D:4      | Fell from the grace of Zin
  4306 | D:4      | Became a worshipper of Makhleb the Destroyer
  4528 | D:5      | Entered Level 5 of the Dungeon
  4551 | D:5      | Reached skill level 6 in Axes
  4576 | D:5      | Reached skill level 5 in Shields
  4630 | D:5      | Paralysed by the wrath of Zin for 2 turns
  4821 | D:5      | Reached XP level 7. HP: 36/60 MP: 6/6
  4907 | D:5      | Paralysed by the wrath of Zin for 2 turns
  4933 | D:5      | Reached skill level 7 in Axes
  5009 | D:5      | Reached skill level 8 in Axes
  5171 | D:5      | Noticed a hornet
  5171 | D:5      | Noticed Eustachio
  5193 | D:5      | Paralysed by a hornet for 1 turns
  5195 | D:5      | Paralysed by a hornet for 3 turns
  5196 | D:5      | HP: 3/60 [Eustachio/+0 falchion (2)]
  5204 | D:5      | HP: 1/60 [orc/+0 mace (4)]
  5246 | D:5      | Reached * piety under Makhleb
  5436 | D:5      | Killed Eustachio
  5437 | D:5      | Reached skill level 5 in Fighting
  5437 | D:5      | Reached XP level 8. HP: 45/68 MP: 7/7
  5991 | D:5      | Paralysed by a hornet for 3 turns
  5996 | D:5      | Killed a hornet
  6295 | D:5      | You fall into a shaft and drop 2 floors!
  6316 | D:7      | Found a staircase to the Ecumenical Temple.
  6326 | Temple   | Entered the Ecumenical Temple
  6432 | Temple   | Fell from the grace of Makhleb
  6432 | Temple   | Became a worshipper of Gozag Ym Sagoz the Greedy
  6544 | D:7      | Reached skill level 9 in Axes
  6733 | D:7      | Found a shadowy altar of Dithmenos.
  6796 | D:7      | You fall into a shaft and drop 3 floors!
  6796 | D:10     | Entered Level 10 of the Dungeon
  6815 | D:10     | Slain by an orc warrior

Illustrated notes

Levels and vault maps discovered:
D:1:      wander_arrival_fairy_ring, layout_loops_ring,
          hangedman_decor_clover_reticule, chequers_serial_rivers_micro_b,
          serial_bayou_ford_a, hangedman_decor_opposing, minmay_heptomino_h4
D:2:      layout_basic, minmay_misc_feat_hallway, kennysheep_donut,
          minmay_misc_feat_tiny, dk_noncrumbling_3, minmay_circle_x,
          uniq_sigmund
D:3:      layout_basic, nicolae_elyvilon_peaceful_grove, serial_bayou_crossing
D:4:      layout_basic, old_standard_altar,
          grunt_temple_overflow_lords_of_destruction, serial_shops,
          nicolae_shop_stone
D:5:      layout_layer_cave, chequers_mini_garden, nicolae_wormholes,
          uniq_eustachio, uniq_ijyb
D:7:      layout_basic, mainiacjoe_overflow_small_starburst,
          minmay_temple_entry_proselytizer, minmay_puff
D:10:     layout_rooms, nicolae_overflow_crystal_walls
Temple:   regret_index_temple_sphere_string

Skill      XL: |  1  2  3  4  5  6  7  8 |
---------------+-------------------------+-----
Shields        | 4 5 6 |  6.1
Armour         | 4 5 6 |  6.9
Axes           | 3 5 6 8 9 |  9.2
Fighting       | 4 5 |  5.7
Dodging        | 1 2 |  2.8
Stealth        | |  0.7

Action                   |  1- 3 |  4- 6 |  7- 9 || total
-------------------------+-------+-------+-------++-------
Melee: War axe           |   181 |   313 |    80 ||   574
       Headbutt          |    43 |    71 |    11 ||   125
  Use: Scroll            |     4 |     1 |     6 ||    11
       Potion            |       |     2 |     5 ||     7
Armor: Scale mail        |    58 |    74 |    38 ||   170
       Chain mail        |       |       |    23 ||    23
Dodge: Dodged            |    50 |    52 |    68 ||   170
Block: Buckler           |    50 |    96 |    75 ||   221
       Reflection        |     1 |     3 |       ||     4
